Map: Invader LE

Players

FallenZerg - Winner!

  • Race: Protoss Protoss
  • League: Platinum

capac

  • Race: Terran Terran
  • League: Gold

VOD

Have the link to the VOD?

Description

Time

  • Played on: April 18, 2016, 1:19 p.m.
  • Length: 15:54
Show
View Real Time Build Order
Export as new Build Order

FallenZerg Protoss - Winner!

Build Orders:  

Get SALT Encoding   

  12  0:01  Probe (Chrono Boost)  
  13  0:12  Probe (Chrono Boost)  
  14  0:22  Pylon  
  14  0:28  Probe (Chrono Boost)  
  15  0:40  Probe (Chrono Boost)  
  16  0:44  Gateway  
  16  0:48  Assimilator  
  16  0:50  Probe (Chrono Boost)  
  17  1:01  Probe (Chrono Boost)  
  18  1:11  Probe (Chrono Boost)  
  18  1:16  Assimilator  
  19  1:22  Probe (Chrono Boost), Gateway  
  20  1:32  Cybernetics Core  
  20  1:37  Pylon  
  21  1:40  Probe (Chrono Boost)  
  21  1:50  Probe (Chrono Boost)  
  22  2:01  Probe (Chrono Boost)  
  23  2:12  Mothership Core (Chrono Boost)  
  23  2:14  Warp Gate (Chrono Boost)  
  24  2:16  Pylon  
  24  2:18  Adept  
  26  2:23  Adept  
  28  2:30  Probe (Chrono Boost)  
  29  2:38  Twilight Council  
  29  2:54  Robotics Facility  
  29  2:57  Pylon  
  29  3:30  Nexus  
  29  3:38  Resonating Glaives (Chrono Boost), Pylon  
  29  4:11  Observer (Chrono Boost)  
  26  4:29  Warp Prism (Chrono Boost)  
  26  4:30  Gateway  
  28  4:32  Gateway  
  28  4:33  Probe  
  29  4:43  Adept x2, Gateway  
  33  4:46  Probe  
  33  4:47  Probe  
  35  4:57  Probe  
  35  4:59  Probe  
  37  5:05  Gateway  
  37  5:07  Adept  
  37  5:08  Adept  
  41  5:16  Observer  
  41  5:18  Probe  
  41  5:19  Probe  
  44  5:23  Pylon  
  44  5:31  Dark Shrine  
  44  5:40  Adept x2  
  40  6:18  Immortal (Chrono Boost)  
  40  6:25  Zealot x2  
  44  6:26  Probe  
  44  6:27  Probe  
  44  6:31  Assimilator  
  44  6:32  Assimilator  
  46  6:36  Probe, Pylon  
  46  6:39  Probe  
  48  6:47  Probe  
  48  6:51  Probe  
  48  6:53  Dark Templar x3  
  48  6:54  Dark Templar  
  58  6:57  Probe  
  59  7:03  Probe  
  59  7:08  Probe  
  60  7:15  Probe  
  56  7:22  Warp Prism (Chrono Boost)  
  56  7:43  Zealot x2  
  56  7:44  Stalker x2, Zealot x2  
  60  7:46  Probe  
  60  7:48  Probe  
  68  7:53  Immortal (Chrono Boost)  
  72  8:00  Probe  
  72  8:02  Templar Archives  
  73  8:06  Pylon  
  73  8:13  Probe  
  74  8:26  Nexus, Pylon  
  74  8:29  Robotics Bay  
  74  8:30  Psionic Storm  
  74  8:32  Pylon  
  74  8:34  Adept x4  
  82  8:55  High Templar  
  84  8:56  Zealot x2  
  84  8:57  Zealot x2  
  82  9:39  Immortal (Chrono Boost)  
  86  9:45  Pylon, Robotics Facility  
  86  9:49  High Templar  
  86  9:50  Zealot x2  
  86  9:51  Stalker x3  
  98  10:02  Gateway  
  98  10:03  Gateway  
  98  10:14  Disruptor (Chrono Boost), Zealot x2  
  105  10:18  Sentry  
  107  10:42  Assimilator  
  107  10:44  Colossus (Chrono Boost), Assimilator  
  107  10:46  High Templar x2, Zealot  
  107  10:47  Zealot  
  107  10:49  Pylon  
  121  10:50  Stalker  
  121  10:52  Gateway  
  121  10:53  Gateway  
  123  11:13  Warp Prism  
  125  11:20  High Templar x2  
  125  11:21  Zealot x4  
  137  11:27  Pylon  
  137  11:28  Pylon  
  137  12:02  Colossus (Chrono Boost), Disruptor (Chrono Boost)  
  146  12:09  Charge  
  146  12:25  Adept  
  146  12:26  Adept x3  
  146  12:27  Adept x2  
  157  12:35  Pylon  
  157  12:36  Pylon x3  
  102  13:03  Stalker x3  
  102  13:04  Stalker x2  
  100  13:32  Colossus x2 (Chrono Boost)  
  106  13:51  Zealot x2  
  106  13:52  Adept x4  
  118  13:58  Pylon  
  118  14:03  Gateway  
  118  14:05  Gateway  
  116  14:13  High Templar x2  
  116  14:14  Zealot x3  
  116  14:15  Zealot, Adept  
  102  14:50  Zealot x2  
  102  14:51  Stalker x2, Zealot  
  102  14:52  Stalker x2  
  116  15:16  Nexus  
  116  15:18  Pylon  
  112  15:30  Stalker x2  
  112  15:31  Stalker  
  112  15:32  Adept  
  112  15:34  Adept x3  
Show
View Real Time Build Order
Export as new Build Order

capac Terran 

Build Orders: Reaper Expand, MMM Bio 

Get SALT Encoding   

  12  0:01  SCV  
  13  0:13  SCV  
  14  0:18  Supply Depot  
  14  0:25  SCV  
  15  0:40  SCV  
  15  0:41  Barracks  
  16  0:44  Refinery  
  16  0:53  SCV  
  17  1:05  SCV  
  18  1:17  SCV  
  19  1:28  Reaper  
  19  1:30  Orbital Command  
  20  1:42  Command Center  
  20  1:50  Supply Depot  
  20  1:55  SCV  
  20  2:01  Marine  
  22  2:18  Refinery, Factory  
  22  2:20  SCV  
  22  2:22  Barracks Reactor  
  23  2:29  Barracks  
  23  2:33  SCV  
  24  2:45  SCV  
  25  2:52  Engineering Bay  
  25  2:55  Orbital Command  
  25  2:57  SCV  
  26  2:59  Marine x2  
  27  3:06  Factory Tech Lab  
  27  3:16  SCV  
  28  3:20  Bunker  
  28  3:22  SCV  
  28  3:26  Marine  
  28  3:27  Marine  
  30  3:33  Siege Tank  
  34  3:35  SCV  
  34  3:38  SCV  
  34  4:13  Marine x2  
  34  4:14  Siege Tank  
  38  4:17  Barracks Tech Lab  
  38  4:20  Starport  
  38  4:24  SCV x2, Missile Turret  
  39  4:31  Supply Depot  
  39  4:34  Marine x2  
  41  4:39  SCV x2  
  41  4:43  Marine  
  44  4:49  Stimpack  
  44  4:51  SCV x2  
  46  4:53  Siege Tank  
  46  4:55  Supply Depot  
  49  5:03  SCV  
  49  5:06  Medivac  
  52  5:08  Marine x2  
  54  5:16  Marine  
  55  5:26  Marine x2  
  57  5:30  Siege Tank  
  57  5:32  SCV x2  
  57  5:59  Missile Turret  
  52  6:04  SCV x2  
  53  6:16  SCV  
  53  6:17  SCV  
  55  6:24  Starport Reactor  
  55  6:25  Marine x3, Missile Turret  
  58  6:28  SCV  
  59  6:39  Refinery, SCV  
  60  6:40  SCV  
  60  6:42  Marine  
  62  6:48  Refinery  
  62  6:58  Missile Turret  
  62  7:03  Supply Depot  
  62  7:04  Supply Depot  
  62  7:20  Command Center  
  62  7:23  Missile Turret  
  62  7:24  Marine x3, Siege Tank, SCV x2  
  69  7:49  Missile Turret  
  69  7:53  Marine, Missile Turret, Medivac x2  
  69  7:54  Marine x2  
  69  7:57  Missile Turret  
  69  7:58  SCV x2  
  78  8:07  Supply Depot  
  78  8:09  Terran Infantry Weapons Level 1  
  78  8:10  Combat Shields  
  78  8:16  Supply Depot  
  78  8:18  Supply Depot  
  78  8:28  Marine x3, SCV x2  
  78  8:33  Barracks  
  83  8:40  SCV  
  84  8:41  Barracks  
  84  8:52  SCV x2  
  86  9:09  Marine x3  
  89  9:12  SCV  
  89  9:13  SCV  
  89  9:15  Supply Depot  
  91  9:20  Supply Depot  
  91  9:25  Missile Turret  
  91  9:26  Marine  
  91  9:27  Marine  
  90  9:50  Barracks Reactor  
  90  9:52  Barracks Reactor  
  90  9:54  Liberator  
  90  9:55  Liberator  
  90  9:59  SCV x2  
  92  10:02  SCV  
  93  10:07  Supply Depot  
  93  10:10  Supply Depot  
  99  10:15  Supply Depot  
  99  10:23  SCV x2  
  99  10:24  Orbital Command  
  99  10:27  Marine, Missile Turret  
  99  10:28  Marine x2  
  104  10:29  Marine  
  104  10:30  Marine x3  
  108  10:37  Supply Depot  
  108  10:40  Armory  
  108  10:45  Marine x3  
  108  10:47  Marine x2  
  108  10:48  Marine x2  
  115  10:51  Liberator x2  
  115  10:52  Starport  
  115  10:53  SCV x2  
  117  11:03  Missile Turret  
  117  11:04  Marine  
  117  11:05  Marine x3  
  117  11:06  Missile Turret  
  117  11:07  Concussive Shells  
  127  11:28  SCV x2  
  127  11:30  SCV, Missile Turret  
  130  11:35  Supply Depot  
  130  11:39  Terran Infantry Weapons Level 2  
  130  11:40  SCV x2  
  130  11:42  SCV  
  133  11:48  Marine x6  
  133  11:50  Marauder  
  141  11:54  Starport Reactor  
  140  12:06  Marine x4  
  140  12:08  Barracks  
  144  12:09  SCV x3  
  147  12:20  Missile Turret  
  147  12:22  Medivac x2  
  151  12:31  Starport  
  151  12:40  Barracks  
  151  12:41  Supply Depot, Marine x6  
  151  12:42  Marauder  
  159  12:48  Supply Depot  
  120  13:03  Marine  
  120  13:04  Marine x6  
  112  13:11  Liberator x2  
  96  13:21  Marine x2  
  96  13:22  Marine x4  
  96  13:26  Marine  
  103  13:29  Siege Tank  
  103  13:33  Liberator  
  103  13:34  Liberator  
  107  13:39  Marine x3  
  100  13:46  Marine x4  
  100  13:48  Barracks Reactor  
  108  13:59  Marine x3  
  108  14:01  Siege Tank  
  112  14:04  Marine  
  90  14:29  Marine x2  
  90  14:30  Marine x5  
  80  14:33  Siege Tank  
  80  14:47  Marine x3  
  80  14:48  Marine x4  
  80  14:49  Marine  
Tags
 
Add a new tag
Caveats
  • Supply blocks, unpowered buildings, or Contaminate may cause inaccurate times.
  • Supply counts are checked every 10 seconds.